 Dungeon Crawl Stone Soup version 0.25-a0-591-g2ad0d861f1 (webtiles) character file.

Game seed: 5277500462761984290, levelgen mode: deterministic

431 Inarius the Ruffian (level 6, -9/59 HPs)
             Began as a Troll Fighter on Mar 14, 2020.
             Was a Follower of Okawaru.
             Mangled by Sigmund
             ... wielding a +2 antimagic scythe
              (14 damage)
             ... on level 4 of the Dungeon.
             The game lasted 00:05:09 (2399 turns).

Inarius the Ruffian (Troll Fighter)                 Turns: 2399, Time: 00:05:10

Health: -9/59      AC:  6    Str: 27    XL:     6   Next: 67%
Magic:  0/5        EV:  9    Int:  4    God:    Okawaru [*.....]
Gold:   117        SH:  0    Dex:  9    Spells: 5/5 levels left

rFire    . . .     SeeInvis .     - Unarmed
rCold    . . .     Gourm    +   b - +0 kite shield
rNeg     . . .     Faith    .   q - +0 animal skin
rPois    .         Spirit   .   (helmet restricted)
rElec    .         Reflect  .   (no cloak)
rCorr    .         Harm     .   (gloves unavailable)
MR       .....                  (boots unavailable)
Stlth    +.........             (no amulet)
HPRegen  0.59/turn              e - ring of wizardry
MPRegen  0.09/turn              (no ring)

@: confused, mighty
A: large, unfitting armour, claws 3, fast metabolism 3, gourmand, regeneration
1, shaggy fur 1, tough skin 3
a: Heroism, Renounce Religion


You were on level 4 of the Dungeon.
You worshipped Okawaru.
Okawaru was aware of your devotion.
You were completely stuffed.

You visited 1 branch of the dungeon, and saw 4 of its levels.

You collected 117 gold pieces.

Inventory:

Armour
 b - a +0 kite shield (worn)
 q - a +0 animal skin (worn)
Jewellery
 e - a ring of wizardry (left claw)
Scrolls
 a - a scroll of remove curse
 g - 2 scrolls of identify {unknown}
 m - a scroll of enchant armour {unknown}
 n - 2 scrolls of teleportation {unknown}
Potions
 c - 3 potions of might
 h - a potion of cancellation {unknown}
 i - a potion of brilliance {unknown}
 j - a potion of ambrosia {unknown}
 k - a potion of heal wounds {unknown}
 p - a potion of curing {unknown}
Comestibles
 d - 5 rations
 f - 6 chunks of flesh


   Skills:
 + Level 2.7 Fighting
 + Level 3.2 Dodging
 + Level 0.1 Stealth
 + Level 3.6 Shields
 * Level 5.5 Unarmed Combat


You had 5 spell levels left.
You didn't know any spells.
Your spell library was empty.

Dungeon Overview and Level Annotations

Branches:
Dungeon (4/15)
 Temple: D:4-7

Altars:
Okawaru

Annotations:
D:4 Sigmund


Innate Abilities, Weirdness & Mutations

You are too large for most types of armour.
You have claws for hands.
Your metabolism is lightning-fast.
You like to eat raw meat.
Your natural rate of healing is unusually fast.
You are covered in fur. (AC +1)
You have extremely tough skin. (AC +3)


Message History

Sigmund drinks a potion.
Sigmund seems to grow stronger.
The dart slug launches a dart at you. The slug dart misses you.
You barely miss the dart slug.
Sigmund points at you and mumbles some strange words.
The magic dart hits you.
The dart slug bites you but does no damage.
You claw Sigmund!
Sigmund is heavily wounded.
Sigmund hits you with a +2 antimagic scythe!!
You feel your power leaking away.
You barely miss Sigmund.
Sigmund is heavily wounded.
The dart slug bites you but does no damage.
Sigmund hits you with a +2 antimagic scythe!!
* * * LOW HITPOINT WARNING * * *
The dart slug bites you but does no damage.
You see here a frilled lizard corpse.
Sigmund hits you with a +2 antimagic scythe!
You die...

# #.....#.#######'## #
####.#.## ##.<.## ##
#.### ##.....## .#
#..## ##.......##
.#####...####.........#
............+.........+
.#####...####.........#
.# #.........†w....##
.# #.######.#.@...## .#
#.#### #.##@..## .#
#....# #.###'## .#
#.##.###.# .# ##
#........# .#
####.##### .# #.# ..
#.# .. #..


You could see Sigmund and a dart slug.

Vanquished Creatures
  Eustachio (D:4)
  A hound (D:4)
  2 centaur skeletons (D:4)
  A bullfrog skeleton (D:4)
  A worker ant (D:4)
  Robin (D:3)
  A gnoll (D:3)
  5 adders
  A worm (D:2)
  2 dart slugs (D:2)
  4 leopard geckos
  4 orcs (D:3)
  3 giant cockroaches
  13 goblins
  9 hobgoblins
  7 jackals
  7 kobolds
  4 quokkas
  4 bats
  3 frilled lizards
  6 rats
80 creatures vanquished.

Notes
Turn   | Place    | Note
-------+----------+-------------------------------------------
     0 | D:1      | Inarius the Troll Fighter began the quest for the Orb.
     0 | D:1      | Reached XP level 1. HP: 22/22 MP: 0/0
   207 | D:1      | Reached XP level 2. HP: 29/29 MP: 1/1
   572 | D:2      | Reached XP level 3. HP: 36/36 MP: 2/2
  1206 | D:2      | Reached skill level 3 in Unarmed Combat
  1245 | D:3      | Reached XP level 4. HP: 44/44 MP: 3/3
  1418 | D:3      | Found an iron altar of Okawaru.
  1428 | D:3      | Became a worshipper of Warmaster Okawaru
  1726 | D:3      | Noticed Robin
  1753 | D:3      | Killed Robin
  1753 | D:3      | Reached XP level 5. HP: 34/50 MP: 4/4
  2055 | D:4      | Reached skill level 4 in Unarmed Combat
  2122 | D:4      | Noticed Eustachio
  2158 | D:4      | Killed Eustachio
  2158 | D:4      | Reached * piety under Okawaru
  2158 | D:4      | Reached skill level 5 in Unarmed Combat
  2158 | D:4      | Reached XP level 6. HP: 37/59 MP: 5/5
  2284 | D:4      | Noticed Sigmund
  2399 | D:4      | Mangled by Sigmund

Levels and vault maps discovered:
D:1:      dpeg_arrival_erosion, layout_rooms, st_stairs_13
D:2:      layout_basic
D:3:      layout_basic, okawaru_altar_gauntlet_db, uniq_robin
D:4:      layout_loops_corners, uniq_sigmund, uniq_eustachio, uniq_natasha,
          uniq_crazy_yiuf_cottage

Skill      XL: |  1  2  3  4  5 |
---------------+----------------+-----
Unarmed Combat | 3 5 |  5.5
Shields        | 3 |  3.6
Dodging        | 3 |  3.2
Fighting       | |  2.7
Stealth        | |  0.1

Action                   |  1- 3 |  4- 6 || total
-------------------------+-------+-------++-------
Melee: Unarmed           |   128 |   165 ||   293
  Use: Scroll            |       |     3 ||     3
       Potion            |       |     1 ||     1
  Eat: Chunk             |     9 |    19 ||    28
Armor: Robe              |    50 |    33 ||    83
       Animal skin       |       |    22 ||    22
Dodge: Dodged            |    49 |    43 ||    92
Block: Kite shield       |    57 |    88 ||   145

Table legend:
 A = Non-vault XP
 B = Vault XP
 C = Vault XP percentage of total XP
 D = Non-vault monster count
 E = Vault monster count
 F = Vault count percentage of total count
                 A         B        C        D         E       F
            +---------+---------+-------+---------+---------+-------
      Total |     374 |     243 |  39.4 |      65 |      15 |  18.8
            +---------+---------+-------+---------+---------+-------
        D:1 |      14 |       1 |   6.7 |       9 |       1 |  10.0
        D:2 |      77 |       0 |   0.0 |      24 |       0 |   0.0
        D:3 |      66 |      51 |  43.6 |      22 |      13 |  37.1
        D:4 |     217 |     191 |  46.8 |      10 |       1 |   9.1
            +---------+---------+-------+---------+---------+-------
